 Dungeon Crawl Stone Soup version 0.27.1-4-g1640c2035a (webtiles) character file.

Game seed: 17893392736031509224

77 Stomo444 the Skirmisher (level 4, -3/37 HPs)
             Began as a Demonspawn Monk on Nov 10, 2021.
             Killed from afar by Natasha (9 damage)
             ... with a puff of flame
             ... on level 2 of the Dungeon.
             The game lasted 00:02:18 (2071 turns).

Stomo444 the Skirmisher (Demonspawn Monk)           Turns: 2071, Time: 00:02:19

Health: -3/37      AC:  2    Str: 12    XL:     4   Next: 14%
Magic:  4/4        EV: 13    Int: 12    God:
Gold:   27         SH:  0    Dex: 15    Spells: 3/3 levels left

rFire    . . .     SeeInvis .   e - +0 club
rCold    . . .     Faith    .   (no shield)
rNeg     . . .     Spirit   .   b - +0 robe
rPois    .         Reflect  .   (no helmet)
rElec    .         Harm     .   (no cloak)
rCorr    .         Rampage  .   (no gloves)
Will     .....                  (no boots)
Stlth    ++........             (no amulet)
HPRegen  0.12/turn              (no ring)
MPRegen  0.09/turn              (no ring)

@: no status effects
A: hooves 1, ignite blood 1
a: no special abilities


You were on level 2 of the Dungeon.
You visited 1 branch of the dungeon, and saw 2 of its levels.

You collected 27 gold pieces.

Inventory:

Hand Weapons
 a - a +0 mace
 e - a +0 club (weapon)
Armour
 b - a +0 robe (worn)
Scrolls
 c - a scroll of blinking {unknown}
 d - a scroll of noise {unknown}
 g - a scroll of enchant armour {unknown}
 j - a scroll of identify {unknown}


   Skills:
 + Level 3.8 Fighting
 + Level 3.4 Maces & Flails
 + Level 3.4 Dodging
 - Level 1.7 Stealth


You had 3 spell levels left.
You didn't know any spells.
Your spell library contained the following spells:

 Spells                   Type           Power      Damage    Failure   Level
 Summon Ice Beast         Ice/Summ       0%         N/A       97%         4
 Summon Mana Viper        Hex/Summ       0%         N/A       100%        5
 Monstrous Menagerie      Summ           0%         N/A       100%        7


Dungeon Overview and Level Annotations

Branches:
Dungeon (2/15)

Altars:

Annotations:
D:2 Natasha


Innate Abilities, Weirdness & Mutations

You have large cloven feet.
Your demonic aura sometimes causes spilled blood to erupt in flames.


Message History

Natasha misses you.
You hit Natasha but do no damage.
Natasha is severely wounded.
Natasha claws you.
You hit Natasha but do no damage.
Natasha is severely wounded.
Natasha closely misses you. Natasha claws you.
You closely miss Natasha.
Natasha is severely wounded.
Natasha barely misses you.
You barely miss Natasha.
Natasha is severely wounded.
Natasha closely misses you.
You hit Natasha. You kick Natasha.
You kill Natasha!
Natasha screams in pain as she dies!
You have reached level 4!
You feel clever.
Your demonic ancestry asserts itself...
Your blood heats up.
You see here the felid corpse of Natasha.
You see here a +0 leather armour.
Natasha, Servant of Life and Death comes into view.
She is carrying a wand of flame (16).
Natasha zaps a wand.
The puff of flame misses you.
Natasha is nearby!
Natasha is nearby!
An adder comes into view.
Natasha casts a spell at you. The magic dart hits you!
* * * LOW HITPOINT WARNING * * *
Unknown command.
You feel yourself speed up.
Your extra speed is starting to run out.
You feel yourself slow down.
Natasha zaps a wand.
The puff of flame hits you!
* * * LOW HITPOINT WARNING * * *
You see here a +0 mace.
You aren't carrying any potions.
Okay, then.
Natasha zaps a wand.
The puff of flame hits you!
You die...

#.# ###.#### #......#
#.#.##.# #.#.##.#
#.#..#.# # #.##<#.# #
##### #.##.#.#####
######## ##..@##
#..........## #......#
##h###.######)#####...
#......#####.## ##.#
#.#####..#
#............#
#.#####.........
#.......####)##
##....##.#####..#
#......##
##.###.h...##.#####..#
#......#
##...###..##.........
#......#
#.#####...##########
#......# #.##....h...#
#.


You could see Natasha.

Vanquished Creatures
  Natasha (D:2)
  An adder (D:2)
  2 worms (D:2)
  5 bats
  An endoplasm (D:1)
  A giant cockroach (D:1)
  A goblin (D:2)
  6 hobgoblins
  4 jackals (D:2)
  3 quokkas (D:1)
  2 ball pythons
  3 frilled lizards (D:2)
  3 kobolds
  2 rats (D:2)
35 creatures vanquished.

Notes
Turn   | Place    | Note
-------+----------+-------------------------------------------
     0 | D:1      | Stomo444 the Demonspawn Monk began the quest for the Orb.
     0 | D:1      | Reached XP level 1. HP: 18/18 MP: 1/1
   467 | D:1      | Gained mutation: You have large cloven feet. [demonic
                  | ancestry]
   467 | D:1      | Reached XP level 2. HP: 24/24 MP: 2/2
   571 | D:1      | Found a faded altar of an unknown god.
  1332 | D:2      | Reached XP level 3. HP: 29/29 MP: 3/3
  2008 | D:2      | Noticed Natasha
  2029 | D:2      | Killed Natasha
  2030 | D:2      | Gained mutation: Your demonic aura sometimes causes spilled
                  | blood to erupt in flames. [demonic ancestry]
  2030 | D:2      | Reached XP level 4. HP: 17/37 MP: 4/4
  2036 | D:2      | Noticed Natasha
  2071 | D:2      | Killed from afar by Natasha

Illustrated notes

Levels and vault maps discovered:
D:1:      zelgadis_glass_arrival_small, layout_rooms,
          chequers_ecumenical_altar_simple_redux
D:2:      minmay_angry_zag, layout_loops_cross, uniq_natasha

Skill      XL: |  1  2 |
---------------+-------+-----
Maces & Flails | 3 |  3.4
Dodging        | 3 |  3.4
Fighting       | |  3.8
Stealth        | |  1.7

Action                   |  1- 3 |  4- 6 || total
-------------------------+-------+-------++-------
Melee: Mace              |    66 |       ||    66
       Club              |   112 |       ||   112
       Kick              |    31 |       ||    31
  Use: Potion            |     3 |       ||     3
 Stab: Sleeping          |     1 |       ||     1
Armor: Robe              |    35 |       ||    35
Dodge: Dodged            |   165 |     1 ||   166
